 Dungeon Crawl Stone Soup version 0.18.1-50-g88ac8fd (webtiles) character file.

569945 mrath the Shatterer (level 25, 0/231 HPs)
             Began as a Minotaur Fighter on Sept 30, 2016.
             Was the Champion of Okawaru.
             Killed from afar by a golden dragon (17 damage)
             ... with a bolt of fire
             ... on level 4 of the Depths on Oct 7, 2016.
             The game lasted 09:12:35 (78578 turns).

mrath the Shatterer (Minotaur Fighter)             Turns: 78578, Time: 09:12:36

Health: 0/231      AC: 35    Str: 39    XL:     25   Next: 61%
Magic:  33/33      EV: 23    Int:  5    God:    Okawaru [******]
Gold:   5568       SH: 19    Dex: 14    Spells: 0 memorised, 24 levels left

rFire  + + .     SeeInvis +     h - +10 eveningstar "Loeph" {drain, *Contam rPois rF++ rC+++}
rCold  + + +     Gourm    .     j - +8 chain mail of the Harvest {Str+2}
rNeg   + . .     Faith    .     M - +1 shield {rN+}
rPois  +         Spirit   .     z - +1 hat {SInv}
rElec  .         Dismiss  .     b - +1 cloak {MR+}
rCorr  .         Reflect  .     i - +2 pair of gloves {Str+3}
SustAt .         Harm     .     J - +2 pair of boots "Reang" {MR+}
MR     +++..                    R - amulet of regeneration
Stlth  ..........               D - +2 ring of evasion
                                o - +5 ring of strength

@: exhausted, about to teleport, slowed, studying Armour, very slow, extremely
resistant to hostile enchantments, extremely unstealthy
A: retaliatory headbutt, horns 2
a: Heroism, Finesse, Renounce Religion
}: 3/15 runes: decaying, silver, gossamer


You were on level 4 of the Depths.
You worshipped Okawaru.
Okawaru was exalted by your worship.
You were very hungry.

You visited 9 branches of the dungeon, and saw 46 of its levels.
You visited the Abyss 1 time.
You visited 1 bazaar.
You also visited: Volcano.

You collected 7222 gold pieces.
You spent 1654 gold pieces at shops.

Inventory:

Hand Weapons
 h - the +10 eveningstar "Loeph" (weapon) {drain, *Contam rPois rF++ rC+++}
   (Okawaru gifted it to you on level 1 of the Spider Nest)

   A truly terrible weapon, it drains the life of those it strikes.
   It greatly protects you from fire.
   It renders you almost immune to cold.
   It protects you from poison.
   It causes magical contamination when unequipped.
 U - a +6 demon whip of venom
Missiles
 q - 3 javelins of returning (quivered)
 P - 19 poisoned tomahawks
Armour
 b - a +1 cloak of magic resistance (worn)
 i - a +2 pair of gloves of strength (worn)
 j - the +8 chain mail of the Harvest (worn) {Str+2}
   (Okawaru gifted it to you on level 9 of the Dungeon)

   It affects your strength (+2).
 z - a +1 hat of see invisible (worn)
 J - the +2 pair of boots "Reang" (worn) {MR+}
   (Okawaru gifted it to you on level 1 of the Vaults)

   It affects your resistance to hostile enchantments.
 M - a +1 shield of positive energy (worn)
Jewellery
 o - a +5 ring of strength (left hand)
 y - a +2 ring of dexterity
 D - a +2 ring of evasion (right hand)
 E - an uncursed ring of sustain attributes
 L - a +3 amulet of reflection
 R - an amulet of regeneration (around neck)
 V - an uncursed ring of protection from magic
Wands
 t - a wand of hasting (4/9)
 w - a wand of digging (10/24)
 A - a wand of teleportation (6/9)
 N - a wand of disintegration (11/24)
 T - a wand of lightning (7/15)
 X - a wand of iceblast (10/15)
 Y - a wand of teleportation (2/9)
Scrolls
 e - 16 scrolls of identify
 g - 8 scrolls of magic mapping
 l - 12 scrolls of teleportation
 p - a scroll of blinking
 r - 5 scrolls of fog
 s - a scroll of fear
 x - 17 scrolls of remove curse
 I - a scroll of recharging
 K - a scroll of holy word {unknown}
Potions
 a - 8 potions of cancellation
 c - a potion of haste
 d - 6 potions of might
 k - 2 potions of resistance
 m - 3 potions of flight
 n - a potion of berserk rage
 u - 20 potions of curing
 B - 4 potions of cure mutation
 C - 3 potions of agility
 S - a potion of ambrosia
Books
 Z - a manual of Armour
Miscellaneous
 F - a box of beasts
 G - a legendary deck of summoning {Foxfire}
 H - a stone of tremors
 O - a phial of floods
 W - a box of beasts
Comestibles
 v - 3 chunks of flesh
 Q - 24 fruits


   Skills:
 + Level 19.7 Fighting
 * Level 24.3 Maces & Flails
 + Level 16.8 Throwing
 + Level 20.1 Armour
 + Level 18.5 Dodging
 + Level 19.6 Shields
 - Level 8.2 Invocations
 + Level 15.0 Evocations


You had 24 spell levels left.
You didn't know any spells.

Dungeon Overview and Level Annotations

Branches:
Dungeon (15/15)            Temple (1/1) D:4            Lair (8/8) D:8
  Swamp (4/4) Lair:5       Spider (4/4) Lair:6        Slime (0/6) Lair:7
    Orc (2/2) D:12            Elf (3/3) Orc:2        Vaults (5/5) D:13
  Crypt (0/3) Vaults:2     Depths (4/5) D:15

Altars:
Ashenzari
Cheibriados
Dithmenos
Elyvilon
Fedhas
Gozag
Kikubaaqudgha
Makhleb
Nemelex Xobeh
Okawaru
Pakellas
Qazlal
Ru
Sif Muna
Trog
Vehumet
Xom
Yredelemnul
Zin
The Shining One
Jiyva

Shops:
D:12 [   D:13 =   D:15 ?   Orc:2 }}*[%   Elf:2 ?   Vaults:5 =

Portals:
Hell: Depths:1 Depths:2 Depths:3 Depths:4
Abyss: Depths:4
Pandemonium: Depths:1 Depths:3
Ziggurat: Depths:2
Trove: D:11 (give +3 gold dragon armour)

Annotations:
D:4 Edmund
Depths:3 7 runed doors


Innate Abilities, Weirdness & Mutations

You reflexively headbutt those who attack you in melee.
You have a pair of horns on your head.


Message History

Read which item? (? for menu, Esc to quit)
As you read the scroll of teleportation, it crumbles to dust.
You feel strangely unstable. The great orb of eyes misses you.
You block the golden dragon's attack. The golden dragon misses you.
The golden dragon barely misses you.
The frost giant is engulfed in poison gas.
The frost giant is poisoned.
The great orb of eyes closely misses you.
The golden dragon closely misses you. You furiously retaliate!
You headbutt the golden dragon. The golden dragon misses you.
You block the golden dragon's attack.
You impale the giant orange brain!! You drain the giant orange brain!
You headbutt the giant orange brain!
The giant orange brain is severely wounded.
The giant orange brain blinks!
The great orb of eyes bites you.
* * * LOW HITPOINT WARNING * * *
The iron giant hits you but does no damage.
The golden dragon breathes fire at you. The bolt of fire hits you! You resist.
You die...

.#....#.(..#....#
.#....#(...#....#
.##'.##....##''##
.##'(##....##''##
.#..[(#.(..#.§(.#
#..()#/...'.)§§#
#....(†...'†§..#
#..)((†.####..C## ##
#(.))####..#.CD@# #.
##....#....###GG§...# ##.
#....##....###...⌠.''. ##..
#.....#..≈..##.....''. ##...
##....##.≈...###...##. ###....
#.....##.≈≈...##########..))..
##....###.....#........#.))).#
##..''###...'[..#.⌠#..''..(##
###''..###.#...[##....#.#''.


You could see an iron giant, a golden dragon, a frost giant, a great orb of eyes
and a giant orange brain shaped shifter.

Vanquished Creatures
  An ancient lich (Vaults:5)
  A juggernaut (Depths:3)
  Norris (Spider:4)
  3 golden dragons
  7 liches
  Arachne (Spider:2)
  Jorgrun (Depths:2)
  5 tentacled monstrosities
  Rupert (D:15)
  3 titans
  The ghost of Elystan the Peltast, an adept FoFi of Cheibriados (Depths:2)
  3 deep elf blademasters
  2 deep elf master archers (Elf:3)
  3 quicksilver dragons
  4 thorn hunters
  Kirke (Lair:4)
  The ghost of Duraxyll the Severer, an adept GrBe of Trog (Swamp:2)
  A tentacled starspawn (Abyss:3)
  10 tengu reavers
  Agnes (Elf:1)
  4 sphinxes
  Roxanne (Spider:2)
  3 storm dragons
  Frances (D:13)
  4 shadow dragons (Vaults:5)
  15 fire giants
  8 deep elf sorcerers
  Maud (D:14)
  5 iron dragons
  15 frost giants
  Louise (D:14)
  26 vault wardens
  4 ghost moths (Spider:4)
  10 emperor scorpions
  Aizul (Depths:2)
  A deep elf elementalist (Elf:3)
  3 orc warlords
  27 very ugly things
  17 ironheart preservers
  7 spriggan defenders
  20 stone giants
  2 war gargoyles (Vaults:5)
  4 vampire knights
  2 salamander stormcallers (Vaults:5)
  7 deep elf demonologists
  Nessos (D:14)
  A spark wasp (Spider:4)
  12 deep elf annihilators
  The ghost of go0n the Carver, a journeyman FoFi of Ru (D:11)
  3 deep elf death magi
  15 ettins
  Snorg (Orc:1)
  A crystal guardian (Vaults:4)
  The ghost of stickyfingers the Nimble, a journeyman HuIE of Nemelex Xobeh (Lair:1)
  38 vault guards
  10 great orbs of eyes
  19 yaktaur captains
  2 deep elf high priests
  The ghost of shugdite the Basher, a journeyman TeBe of Trog (Lair:1)
  6 rakshasas
  28 hydras
  14 ice dragons
  Harold (D:11)
  10 fire dragons
  3 entropy weavers
  6 spriggan air magi
  12 centaur warriors
  4 ghost crabs
  Erica (Orc:1)
  A death knight (Vaults:2)
  5 catoblepae
  Urug (Lair:3)
  11 tengu warriors
  9 death yaks (Lair:8)
  19 ogre magi
  6 deep troll earth magi
  36 dancing weapons
  8 deep troll shamans
  A titan zombie (Depths:1)
  5 alligators
  4 orc high priests
  4 spriggan berserkers
  3 vampire magi
  10 thrashing horrors (Abyss:3)
  A sun demon (Depths:1)
  The ghost of Duraxyll the Protected, a novice GrBe of Trog (D:9)
  22 deep elf knights
  A fire crab (shapeshifter) (Depths:4)
  A titan skeleton (Depths:1)
  4 wretched stars (Abyss:3)
  A salamander mystic (Depths:3)
  A storm dragon skeleton (Vaults:3)
  2 shadow wraiths
  10 skeletal warriors
  5 iron trolls
  2 fire crabs
  12 hell knights
  A spriggan druid (Swamp:4)
  An unseen horror (D:13)
  18 deep trolls
  2 giant orange brains
  2 golden dragon zombies
  4 shambling mangroves
  8 swamp dragons
  A putrid demonspawn (Depths:1)
  A shadow demon (Depths:1)
  29 orc knights
  A torturous demonspawn (Depths:1)
  7 hill giants
  2 lindwurms
  A flayed ghost (Vaults:2)
  15 ironbrand convokers
  An anubis guard (shapeshifter) (Vaults:5)
  An iron dragon zombie (Depths:3)
  A lindwurm (shapeshifter) (Vaults:5)
  4 phantasmal warriors (Vaults:5)
  21 deep elf archers
  Pikel (D:5)
  An oklob plant (Orc:1)
  A tengu zombie (Vaults:5)
  5 wizards
  7 necromancers
  43 ugly things
  A wolf spider (shapeshifter) (Vaults:3)
  6 hornets
  9 harpies (Vaults:3)
  A sphinx zombie (Depths:3)
  A frost giant zombie (Depths:1)
  7 orc sorcerers
  7 griffons
  A manticore (D:12)
  2 human zombies
  19 orb spiders
  29 wolf spiders
  A stone giant zombie (Vaults:4)
  A hornet (shapeshifter) (Depths:4)
  2 salamanders (Depths:3)
  66 deep elf magi
  An octopode (shapeshifter) (Depths:4)
  A sixfirhy (Abyss:3)
  13 cyclopes
  A worldbinder (Abyss:3)
  A rust devil (Abyss:3)
  An ice statue (Lair:1)
  A black mamba (shapeshifter) (Vaults:4)
  10 elephants
  A guardian serpent (shapeshifter) (Depths:4)
  4 smoke demons
  2 torpor snails
  A stone giant skeleton (Depths:1)
  18 vault sentinels
  Joseph (Lair:1)
  6 black mambas
  A molten gargoyle (D:13)
  A spiny frog (shapeshifter) (Depths:2)
  3 gargoyles
  4 rime drakes
  20 spiny frogs
  71 yaktaurs
  9 komodo dragons
  An elf zombie (Depths:1)
  4 freezing wraiths
  A yaktaur (shapeshifter) (Vaults:5)
  12 demonic crawlers
  A hellwing (Depths:1)
  A rime drake (shapeshifter) (Vaults:3)
  A yaktaur skeleton (Vaults:3)
  A merfolk (shapeshifter) (Vaults:2)
  An elf skeleton (Vaults:5)
  2 red devils (Volcano)
  An ancient zyme (Abyss:3)
  A redback zombie (D:14)
  2 queen bees (shapeshifter)
  9 trolls
  8 polar bears
  6 tengu conjurers
  A polar bear (shapeshifter) (Vaults:3)
  38 two-headed ogres
  A wind drake (shapeshifter) (Elf:1)
  2 trolls (shapeshifter)
  8 giant leeches
  38 jumping spiders
  Grinder (D:4)
  34 slime creatures
  25 blink frogs
  A bog body (Swamp:2)
  A raiju (Abyss:3)
  A snapping turtle (shapeshifter) (Depths:4)
  A fire dragon zombie (Abyss:3)
  A stone giant simulacrum (Vaults:3)
  13 boulder beetles
  A human simulacrum (Vaults:4)
  3 shadows
  16 tarantellas
  96 redbacks
  3 water elementals
  13 air elementals
  45 yaks
  3 spriggans (shapeshifter)
  7 spriggans
  A salamander simulacrum (Vaults:1)
  A ynoxinul (Abyss:3)
  2 wraiths
  2 fire bats (Swamp:4)
  4 steam dragons
  2 fire elementals
  4 basilisks
  2 hogs
  6 large abominations
  3 chaos spawn (Abyss:3)
  2 hungry ghosts
  2 mottled dragons (Swamp:4)
  A yaktaur simulacrum (Vaults:3)
  A hippogriff (shapeshifter) (Depths:1)
  6 insubstantial wisps (Swamp:3)
  7 hippogriffs
  The ghost of Juudaz the Ruffian, an amateur GrMo (D:4)
  11 wargs
  24 vampire mosquitoes
  A soldier ant (D:12)
  18 porcupines
  15 swamp worms
  Duvessa (D:5)
  2 giant eyeballs (Depths:2)
  18 water moccasins
  2 hell hounds (Volcano)
  A hell hound (shapeshifter) (Abyss:3)
  4 swamp drakes
  A black bear (shapeshifter) (Vaults:1)
  65 orc warriors
  6 ice beasts
  5 sky beasts
  3 black bears (Lair:2)
  A wasp (shapeshifter) (Vaults:2)
  A deep troll simulacrum (Depths:1)
  68 ogres
  2 phantoms
  13 wasps
  A necrophage (D:8)
  5 boggarts
  A tengu (shapeshifter) (Elf:3)
  6 wolves (Lair:4)
  13 crocodiles
  18 centaurs
  2 human skeletons (Vaults:4)
  5 big kobolds
  Blork the orc (D:5)
  19 giant frogs
  A water moccasin zombie (D:10)
  A wyvern zombie (D:11)
  A gnoll sergeant (D:8)
  Dowan (D:5)
  5 earth elementals
  A wyvern skeleton (D:13)
  10 small abominations
  4 scorpions
  3 killer bees (D:8)
  25 wights
  3 electric eels
  4 howler monkeys
  12 crimson imps
  2 giant frog skeletons
  5 giant frog zombies
  A lava snake (Swamp:4)
  3 quasits
  3 centaur zombies
  28 orc priests
  Crazy Yiuf (D:2)
  10 hounds
  5 jellies
  5 centaur skeletons
  A gnoll shaman (D:8)
  Jessica (D:2)
  9 iguanas
  Ijyb (D:2)
  Natasha (D:2)
  32 orc wizards
  15 worker ants
  2 killer bee zombies (D:8)
  47 sheep
  3 hound skeletons
  4 worker ant zombies
  12 gnolls
  12 adders
  An adder (shapeshifter) (Depths:2)
  75 river rats
  5 shadow imps
  2 white imps (Lair:1)
  3 oozes
  2 adder skeletons
  An adder zombie (D:5)
  A worm (D:3)
  A dart slug (D:1)
  7 giant geckos
  109 orcs
  A ball python (D:1)
  2 bats
  6 giant cockroaches
  9 goblins
  10 hobgoblins
  6 jackals
  7 quokkas
  7 giant newts
  18 kobolds
  18 rats
  A briar patch (Swamp:1)
  A crawling corpse (Elf:3)
  A lurking horror (Abyss:3)
2473 creatures vanquished.

Vanquished Creatures (others)
  Nikola (Swamp:1)
  A fire dragon (Vaults:2)
  A thrashing horror (Abyss:3)
  2 deep elf knights
  A large abomination (Elf:3)
  A lindwurm (Swamp:4)
  2 swamp dragons (Swamp:4)
  A necromancer (Vaults:2)
  A deep elf mage (Elf:1)
  A yaktaur (Vaults:5)
  2 redbacks
  An air elemental (Elf:2)
  2 steam dragons (Swamp:4)
  A swamp worm (Swamp:1)
  An orc warrior (Vaults:2)
  3 swamp drakes (Swamp:4)
  2 ogres (Vaults:5)
  A boggart (Vaults:1)
  5 sheep (D:5)
  An orc (Vaults:5)
  14 fungi
  5 plants
  2 starspawn tentacles (Abyss:3)
  33 starspawn tentacle segments (Abyss:3)
85 creatures vanquished.

Grand Total: 2558 creatures vanquished

Notes
Turn   | Place    | Note
--------------------------------------------------------------
     0 | D:1      | mrath the Minotaur Fighter began the quest for the Orb.
     0 | D:1      | Reached XP level 1. HP: 19/19 MP: 0/0
    11 | D:1      | Reached skill level 3 in Maces & Flails
    39 | D:1      | Reached XP level 2. HP: 26/26 MP: 1/1
   185 | D:1      | Reached skill level 4 in Maces & Flails
   335 | D:1      | Reached XP level 3. HP: 30/31 MP: 2/2
   794 | D:2      | Noticed Jessica
   801 | D:2      | Killed Jessica
   801 | D:2      | Reached skill level 5 in Maces & Flails
   801 | D:2      | Reached XP level 4. HP: 26/39 MP: 3/3
   969 | D:2      | Noticed Ijyb
   977 | D:2      | Killed Ijyb
  1039 | D:2      | Noticed Crazy Yiuf
  1043 | D:2      | Paralysed by Crazy Yiuf for 4 turns
  1047 | D:2      | Killed Crazy Yiuf
  1047 | D:2      | Reached skill level 6 in Maces & Flails
  1246 | D:2      | Found a sacrificial altar of Ru.
  1321 | D:2      | Reached XP level 5. HP: 45/45 MP: 4/4
  1476 | D:2      | Found a sparkling altar of Nemelex Xobeh.
  1749 | D:2      | Noticed Natasha
  1758 | D:2      | Killed Natasha
  1847 | D:3      | Found a faded altar to an unknown god.
  2103 | D:3      | Reached skill level 7 in Maces & Flails
  2332 | D:3      | Found an oddly glowing altar of Pakellas.
  2585 | D:4      | Found a snail-covered altar of Cheibriados.
  2586 | D:4      | Noticed Edmund
  2586 | D:4      | Noticed a phantom
  2644 | D:4      | Noticed Juudaz's ghost (amateur GrMo)
  2647 | D:4      | Reached skill level 1 in Dodging
  2647 | D:4      | Reached XP level 6. HP: 52/52 MP: 5/5
  2663 | D:4      | Killed Juudaz's ghost
  2663 | D:4      | Reached skill level 1 in Throwing
  2664 | D:4      | Found a shattered altar of Ashenzari.
  2737 | D:4      | Found a staircase to the Ecumenical Temple.
  2746 | Temple   | Entered the Ecumenical Temple
  2791 | Temple   | Became a worshipper of Warmaster Okawaru
  3150 | D:4      | Reached XP level 7. HP: 47/59 MP: 6/6
  3218 | D:4      | Noticed Grinder
  3218 | D:4      | Paralysed by Grinder for 7 turns
  3232 | D:4      | Paralysed by Grinder for 3 turns
  3236 | D:4      | Killed Grinder
  3236 | D:4      | Reached * piety under Okawaru
  3247 | D:4      | Found a stormy altar of Qazlal.
  3440 | D:5      | Entered Level 5 of the Dungeon
  3627 | D:5      | You fall through a shaft for 3 floors!
  3627 | D:8      | Noticed a hippogriff
  3633 | D:8      | Killed a hippogriff
  3633 | D:8      | Reached skill level 8 in Maces & Flails
  3645 | D:8      | Reached skill level 5 in Armour
  3691 | D:8      | Noticed a griffon
  3712 | D:7      | Killed a griffon
  3712 | D:7      | Reached ** piety under Okawaru
  3712 | D:7      | Reached skill level 5 in Fighting
  3712 | D:7      | Reached skill level 5 in Shields
  3712 | D:7      | Reached XP level 8. HP: 57/69 MP: 5/7
  3943 | D:5      | Noticed Duvessa
  3947 | D:5      | Noticed Dowan
  3956 | D:5      | Killed Duvessa
  3975 | D:5      | Killed Dowan
  4066 | D:5      | Noticed Blork the orc
  4079 | D:5      | Killed Blork the orc
  4249 | D:5      | Found a stormy altar of Qazlal.
  4266 | D:5      | Noticed Pikel
  4293 | D:5      | Killed Pikel
  4293 | D:5      | Reached *** piety under Okawaru
  4293 | D:5      | Reached skill level 9 in Maces & Flails
  4293 | D:5      | Reached XP level 9. HP: 37/77 MP: 8/8
  4555 | D:5      | Found a shimmering altar of Xom.
  5766 | D:7      | Found a glowing golden altar of the Shining One.
  5772 | D:7      | Reached skill level 1 in Invocations
  6326 | D:7      | Found a blossoming altar of Fedhas.
  6400 | D:7      | Reached skill level 1 in Evocations
  6663 | D:7      | Reached **** piety under Okawaru
  6689 | D:8      | Reached skill level 5 in Dodging
  7106 | D:8      | Reached skill level 5 in Throwing
  7188 | D:8      | Reached XP level 10. HP: 77/86 MP: 10/10
  7858 | D:8      | Found a staircase to the Lair.
  8435 | Lair:1   | Entered Level 1 of the Lair of Beasts
  8803 | Lair:1   | Noticed stickyfingers's ghost (journeyman HuIE)
  9180 | Lair:1   | Killed stickyfingers's ghost
  9180 | Lair:1   | Reached skill level 10 in Maces & Flails
  9473 | Lair:1   | Noticed a spiny frog
  9488 | D:8      | Killed a spiny frog
  9831 | Lair:1   | Noticed a spiny frog
  9839 | Lair:1   | Killed a spiny frog
  9839 | Lair:1   | Reached ***** piety under Okawaru
 10072 | Lair:1   | Noticed an ice statue
 10073 | Lair:1   | Noticed Joseph
 10127 | Lair:1   | Killed Joseph
 10127 | Lair:1   | Reached XP level 11. HP: 88/94 MP: 10/12
 10980 | Lair:1   | Noticed shugdite's ghost (journeyman TeBe)
 10998 | Lair:1   | Killed shugdite's ghost
 10998 | Lair:1   | Received a gift from Okawaru
 11855 | Lair:2   | Reached skill level 5 in Invocations
 12766 | Lair:3   | Noticed a seven-headed hydra
 12802 | Lair:3   | Killed a seven-headed hydra
 12802 | Lair:3   | Reached XP level 12. HP: 62/104 MP: 12/15
 12813 | Lair:3   | Noticed a catoblepas
 12846 | Lair:2   | Reached skill level 11 in Maces & Flails
 13061 | Lair:3   | Noticed a five-headed hydra
 13070 | Lair:3   | Killed a five-headed hydra
 13268 | Lair:3   | Reached skill level 5 in Evocations
 13381 | Lair:3   | Noticed Urug
 13407 | Lair:3   | Killed Urug
 13407 | Lair:3   | Received a gift from Okawaru
 13710 | Lair:3   | Reached skill level 10 in Shields
 13743 | Lair:3   | Noticed a seven-headed hydra
 13888 | Lair:3   | Killed a seven-headed hydra
 14030 | Lair:3   | Killed a catoblepas
 14639 | Lair:4   | Reached skill level 10 in Fighting
 15193 | Lair:4   | Received a gift from Okawaru
 15633 | Lair:4   | Reached skill level 10 in Armour
 15702 | Lair:4   | Received a gift from Okawaru
 16076 | Lair:5   | Reached XP level 13. HP: 113/113 MP: 16/16
 16119 | Lair:5   | Found a staircase to the Swamp.
 16563 | Lair:5   | Noticed Kirke
 17178 | D:9      | Noticed Duraxyll's ghost (novice GrBe)
 17224 | D:9      | Killed Duraxyll's ghost
 17224 | D:9      | Received a gift from Okawaru
 17225 | D:9      | Got a twisted chain mail {god gift}
 17319 | D:9      | Identified the +8 chain mail of the Harvest {Str+2} (Okawaru gifted it to you on level 9 of the Dungeon)
 17845 | D:10     | Entered Level 10 of the Dungeon
 17992 | D:10     | Reached skill level 12 in Maces & Flails
 18693 | D:11     | Found a portal to a secret trove of treasure.
 18788 | D:11     | Found a radiant altar of Vehumet.
 18838 | D:11     | Noticed go0n's ghost (journeyman FoFi)
 18855 | D:11     | Killed go0n's ghost
 18915 | D:11     | Noticed Harold
 18924 | D:11     | Killed Harold
 19394 | D:12     | Found Ruppup's Armour Shop.
 19394 | D:12     | Found a staircase to the Orcish Mines.
 20095 | D:12     | Received a gift from Okawaru
 20921 | Lair:4   | Killed Kirke
 21536 | Lair:6   | Reached XP level 14. HP: 124/124 MP: 14/18
 21735 | Lair:6   | Found a hole to the Spider Nest.
 22270 | Lair:7   | Found a staircase to the Slime Pits.
 22270 | Lair:7   | Found a viscous altar of Jiyva.
 22513 | Lair:7   | Got a wavering garnet amulet
 23338 | Lair:7   | Received a gift from Okawaru
 23338 | Lair:7   | Reached skill level 10 in Dodging
 23468 | Lair:8   | Entered Level 8 of the Lair of Beasts
 23540 | Lair:8   | Found a dark tunnel.
 23557 | Lair:8   | Identified the amulet of Kyzih {Harm *Drain Str+9} (You found it on level 7 of the Lair of Beasts)
 23630 | Volcano  | Entered a volcano
 24208 | Lair:8   | Got a crystal quarterstaff
 24420 | Lair:8   | Reached skill level 13 in Maces & Flails
 24816 | Lair:8   | Received a gift from Okawaru
 25122 | Lair:8   | Reached skill level 10 in Throwing
 25283 | Lair:8   | Got a jewelled cloak
 25302 | Lair:8   | Identified the +2 cloak of the Wasteland {rElec rPois Int+3} (You found it on level 8 of the Lair of Beasts)
 25735 | Orc:1    | Entered Level 1 of the Orcish Mines
 25975 | Orc:1    | Noticed Erica
 25982 | Orc:1    | Killed Erica
 25983 | Orc:1    | Noticed an orc warlord
 26058 | Orc:1    | Killed an orc warlord
 26416 | Orc:1    | Reached XP level 15. HP: 132/132 MP: 18/20
 26589 | Orc:1    | Noticed Snorg
 26595 | Orc:1    | Killed Snorg
 26917 | Orc:2    | Entered Level 2 of the Orcish Mines
 26917 | Orc:2    | Found a staircase to the Elven Halls.
 27140 | Orc:2    | Paralysed by an orc sorcerer for 3 turns
 27525 | Orc:2    | Found Kiusem's Food Shop.
 27865 | Orc:2    | Paralysed by an orc sorcerer for 4 turns
 27881 | Orc:1    | Received a gift from Okawaru
 27903 | Orc:2    | Paralysed by an orc sorcerer for 3 turns
 28331 | Orc:2    | Found Lets's Armour Emporium.
 28331 | Orc:2    | Found Vitez's Gadget Emporium.
 28333 | Orc:2    | Found Begar's Assorted Antiques.
 28341 | Orc:2    | Found Laodenen's Gadget Boutique.
 28475 | D:11     | Received a gift from Okawaru
 28756 | Swamp:1  | Entered Level 1 of the Swamp
 28973 | Swamp:1  | Noticed Nikola
 29004 | Swamp:1  | Killed Nikola
 30594 | Swamp:2  | Noticed Duraxyll's ghost (adept GrBe)
 30645 | Swamp:2  | Killed Duraxyll's ghost
 30645 | Swamp:2  | Received a gift from Okawaru
 31342 | Swamp:3  | Noticed a thorn hunter
 31353 | Swamp:3  | Killed a thorn hunter
 31362 | Swamp:3  | Noticed a thorn hunter
 31371 | Swamp:3  | Killed a thorn hunter
 31688 | Swamp:3  | Reached skill level 14 in Maces & Flails
 31791 | Swamp:3  | Received a gift from Okawaru
 31889 | Swamp:3  | Reached XP level 16. HP: 122/143 MP: 14/21
 32658 | Swamp:4  | Entered Level 4 of the Swamp
 33384 | Swamp:4  | Noticed a thorn hunter
 33398 | Swamp:4  | Killed a thorn hunter
 33908 | Swamp:4  | Received a gift from Okawaru
 33958 | Swamp:1  | Noticed a thorn hunter
 33975 | Swamp:1  | Killed a thorn hunter
 34192 | Spider:1 | Entered Level 1 of the Spider Nest
 34403 | Spider:1 | Received a gift from Okawaru
 34415 | Spider:1 | Got a bloodstained eveningstar {god gift}
 34792 | Spider:1 | Identified the +10 eveningstar "Loeph" {drain, *Contam rPois rF++ rC+++} (Okawaru gifted it to you on level 1 of the Spider Nest)
 35242 | Spider:2 | Noticed Roxanne
 35269 | Spider:2 | Noticed Arachne
 36146 | Spider:2 | Killed Roxanne
 36148 | Spider:2 | Identified Roxanne's Almanac of the Mountains (You took it off Roxanne on level 2 of the Spider Nest)
 36534 | Spider:2 | Killed Arachne
 36779 | Spider:2 | Received a gift from Okawaru
 36779 | Spider:2 | Reached skill level 15 in Maces & Flails
 36953 | Spider:2 | Got an encrusted hand crossbow
 37155 | Spider:2 | Reached XP level 17. HP: 151/151 MP: 23/23
 38593 | Spider:4 | Entered Level 4 of the Spider Nest
 38717 | Spider:4 | Reached skill level 10 in Evocations
 39365 | Swamp:4  | Reached ****** piety under Okawaru
 39509 | Swamp:4  | Received a gift from Okawaru
 39787 | Swamp:4  | Got a decaying rune of Zot
 40200 | Spider:4 | Received a gift from Okawaru
 40664 | Spider:4 | Noticed Norris
 40678 | Spider:4 | Paralysed by something for 5 turns
 41310 | D:13     | Noticed Frances
 41384 | D:13     | Killed Frances
 41575 | D:13     | Received a gift from Okawaru
 41898 | D:13     | Reached skill level 16 in Maces & Flails
 41919 | D:13     | Found Koigots's Jewellery Boutique.
 42266 | D:13     | Received a gift from Okawaru
 42276 | D:13     | Got a pitted lajatang {god gift}
 42659 | D:13     | Found a gate to the Vaults.
 43142 | D:14     | Noticed Louise
 43158 | D:14     | Killed Louise
 43288 | D:14     | Noticed Nessos
 43300 | D:14     | Killed Nessos
 43300 | D:14     | Reached XP level 18. HP: 138/161 MP: 17/24
 43304 | D:14     | Noticed Maud
 43314 | D:14     | Killed Maud
 43735 | D:15     | Entered Level 15 of the Dungeon
 43743 | D:15     | Noticed Rupert
 43752 | D:15     | Killed Rupert
 43752 | D:15     | Received a gift from Okawaru
 43791 | D:15     | Found Elydeh's Magic Scroll Shoppe.
 43802 | D:15     | Bought a scroll of identify for 24 gold pieces
 43802 | D:15     | Bought 3 scrolls of identify for 72 gold pieces
 43802 | D:15     | Bought a scroll of identify for 24 gold pieces
 43802 | D:15     | Bought 3 scrolls of identify for 72 gold pieces
 44350 | Lair:2   | Identified the +8 lajatang of Roopup {slice, rElec rF- rN+} (Okawaru gifted it to you on level 13 of the Dungeon)
 44469 | Lair:1   | Got a sparkling tin ring
 44470 | Lair:1   | Identified the ring "Puhur" {rC+ MR+ Stlth+} (You found it on level 1 of the Lair of Beasts)
 45182 | D:15     | Received a gift from Okawaru
 45880 | D:15     | Found a staircase to the Depths.
 46403 | Spider:4 | Killed Norris
 46403 | Spider:4 | Reached skill level 15 in Armour
 46525 | Spider:4 | Reached skill level 17 in Maces & Flails
 47155 | Spider:4 | Reached skill level 15 in Shields
 47207 | Spider:4 | Got a gossamer rune of Zot
 47612 | Elf:1    | Entered Level 1 of the Elven Halls
 48374 | Elf:1    | Noticed Agnes
 48381 | Elf:1    | Killed Agnes
 48415 | Elf:1    | Reached skill level 15 in Fighting
 49027 | Elf:2    | Found Juhilurr's Magic Scroll Emporium.
 49034 | Elf:2    | Bought a scroll of teleportation for 60 gold pieces
 49034 | Elf:2    | Bought a scroll of identify for 40 gold pieces
 49034 | Elf:2    | Bought a scroll of identify for 40 gold pieces
 49099 | Elf:2    | Got a warped whip
 49197 | Elf:2    | Identified the +4 whip of Samefu Ucit {pain, Dex+3} (You found it on level 2 of the Elven Halls)
 49245 | Elf:2    | Reached XP level 19. HP: 164/170 MP: 20/26
 49268 | Elf:2    | Received a gift from Okawaru
 49580 | Elf:2    | Found a huge runed gate.
 49580 | Elf:2    | Found a huge runed gate.
 49580 | Elf:2    | Found a huge runed gate.
 49580 | Elf:2    | Found a huge runed gate.
 49581 | Elf:2    | Found a huge runed gate.
 49707 | Elf:2    | Received a gift from Okawaru
 50198 | Elf:2    | Got a slimy scale mail {god gift}
 50278 | Elf:2    | Identified the +4 scale mail "Bial" {+Inv rElec rN+ Int-3} (Okawaru gifted it to you on level 2 of the Elven Halls)
 50492 | Elf:2    | Reached skill level 18 in Maces & Flails
 51850 | Vaults:1 | Entered Level 1 of the Vaults
 52750 | Vaults:1 | Received a gift from Okawaru
 52912 | Vaults:1 | Received a gift from Okawaru
 52932 | Vaults:1 | Got a pair of ichor-stained boots {god gift}
 52949 | Vaults:1 | Identified the +2 pair of boots "Reang" {MR+} (Okawaru gifted it to you on level 1 of the Vaults)
 53249 | Vaults:1 | Reached XP level 20. HP: 180/180 MP: 27/27
 53668 | Vaults:2 | Found a staircase to the Crypt.
 53668 | Vaults:2 | Found an ancient bone altar of Kikubaaqudgha.
 53669 | Vaults:2 | Found a basalt altar of Yredelemnul.
 54283 | Vaults:2 | Cast into level 3 of the Abyss (vault warden)
 54390 | Abyss:3  | Reached skill level 19 in Maces & Flails
 54901 | Vaults:2 | Escaped the Abyss
 55512 | Vaults:2 | Received a gift from Okawaru
 56733 | Vaults:3 | Identified the Guide on Attacks and Bewitchment
 56832 | Vaults:3 | Reached skill level 15 in Dodging
 56843 | Vaults:3 | Received a gift from Okawaru
 56963 | Vaults:3 | Received a gift from Okawaru
 57115 | Vaults:3 | Noticed a Tzitzimitl
 57836 | Vaults:3 | Received a gift from Okawaru
 57840 | Vaults:3 | Got a steaming ring mail {god gift}
 57876 | Vaults:3 | Reached XP level 21. HP: 189/189 MP: 29/29
 57989 | Vaults:3 | Got a blackened scimitar {freeze}
 59190 | Vaults:4 | Reached skill level 20 in Maces & Flails
 60010 | Vaults:4 | Received a gift from Okawaru
 60905 | Vaults:4 | Received a gift from Okawaru
 61652 | Depths:1 | Entered Level 1 of the Depths
 61659 | Depths:1 | Received a gift from Okawaru
 61807 | Depths:1 | Received a gift from Okawaru
 62575 | Depths:1 | Reached XP level 22. HP: 185/200 MP: 30/30
 63007 | Depths:1 | Found a gateway to Hell.
 63562 | Depths:1 | Found a one-way gate leading to the halls of Pandemonium.
 63924 | Depths:2 | Reached skill level 21 in Maces & Flails
 63950 | Depths:2 | Received a gift from Okawaru
 63951 | Depths:2 | Noticed Aizul
 63975 | Depths:2 | Killed Aizul
 63995 | Depths:2 | Got an encrusted demon whip {god gift}
 64331 | Depths:2 | Reached skill level 15 in Throwing
 64350 | Depths:2 | Paralysed by a giant eyeball for 3 turns
 64747 | Depths:2 | Identified the +7 demon whip of the Six Suns {elec, Dex+2 Stlth+} (Okawaru gifted it to you on level 2 of the Depths)
 65247 | Elf:3    | Entered Level 3 of the Elven Halls
 65251 | Elf:3    | Received a gift from Okawaru
 66067 | Elf:3    | HP: 2/201 [hellion/damnation[a deep elf demonologist] (33)]
 66079 | Elf:3    | HP: 9/201 [deep elf annihilator/poison arrow (19)]
 66277 | Elf:3    | Received a gift from Okawaru
 67037 | Lair:2   | Identified the +4 ring mail of the Locust {Int+2 Stlth+} (Okawaru gifted it to you on level 3 of the Vaults)
 67434 | Depths:2 | Noticed Jorgrun
 67439 | Depths:2 | Killed Jorgrun
 67440 | Depths:2 | Found a gateway to a ziggurat.
 67508 | Depths:2 | Received a gift from Okawaru
 67701 | Depths:2 | Noticed Elystan's ghost (adept FoFi)
 67738 | Depths:2 | Killed Elystan's ghost
 67788 | Depths:2 | Received a gift from Okawaru
 67947 | Depths:2 | Reached XP level 23. HP: 209/209 MP: 32/32
 68002 | Depths:2 | Found a sparkling altar of Nemelex Xobeh.
 68339 | Depths:2 | Received a gift from Okawaru
 68378 | Depths:2 | Identified a +1 pair of boots of running (Okawaru gifted it to you on level 2 of the Depths)
 68546 | Depths:3 | Found a flickering gateway to a bazaar.
 68566 | Bazaar   | Entered a bazaar
 68566 | Bazaar   | Found Aclack's Food Shop.
 68566 | Bazaar   | Found Xizijiapn's Gadget Shop.
 68566 | Bazaar   | Found Leaqips's Jewellery Shoppe.
 68568 | Bazaar   | Found Qieguaw's Book Shoppe.
 68568 | Bazaar   | Found Pozuts's General Store.
 68606 | Bazaar   | Bought a wand of disintegration (11/24) for 90 gold pieces
 68606 | Bazaar   | Bought a phial of floods for 240 gold pieces
 68609 | Bazaar   | Bought a scroll of identify for 24 gold pieces
 68617 | Bazaar   | Bought an uncursed amulet of regeneration for 390 gold pieces
 68646 | Bazaar   | Bought a potion of flight for 36 gold pieces
 68646 | Bazaar   | Bought a scroll of teleportation for 36 gold pieces
 68649 | Bazaar   | Bought a legendary deck of summoning for 156 gold pieces
 68744 | Depths:3 | Reached skill level 22 in Maces & Flails
 69336 | Depths:3 | Noticed a juggernaut
 69345 | Depths:3 | Killed a juggernaut
 69595 | Depths:3 | Found a large runed door.
 69599 | Depths:3 | Found a large runed door.
 69708 | Depths:3 | Found a large runed door.
 69714 | Depths:3 | Noticed a caustic shrike
 69714 | Depths:3 | Noticed a juggernaut
 70651 | Elf:3    | Got an ichor-stained battleaxe {drain}
 71477 | Elf:3    | Identified the Compendium of the Jabberwock
 71483 | Elf:3    | Identified the Volume of Transmutation
 71489 | Elf:3    | Identified the Grimoire of Air and Confrontation
 71599 | Elf:3    | Identified the Handbook of Icy Self-Knowledge
 72277 | Vaults:5 | Entered Level 5 of the Vaults
 72322 | Vaults:4 | Received a gift from Okawaru
 72498 | Vaults:4 | Received a gift from Okawaru
 72818 | Vaults:5 | Noticed an ancient lich
 73038 | Vaults:5 | Reached XP level 24. HP: 203/218 MP: 27/32
 73220 | Vaults:5 | Killed an ancient lich
 73220 | Vaults:5 | Received a gift from Okawaru
 73220 | Vaults:5 | Reached skill level 23 in Maces & Flails
 73315 | Vaults:5 | Got a smoking hat {god gift}
 73430 | Vaults:5 | Found Royblafa's Jewellery Shop.
 73523 | Vaults:5 | Identified the Guide on Displaced Confrontation
 73575 | Vaults:5 | Identified the +0 hat "Yteczab" {rF++ Int+2} (Okawaru gifted it to you on level 5 of the Vaults)
 73840 | Vaults:5 | Received a gift from Okawaru
 75095 | Vaults:5 | Received a gift from Okawaru
 75747 | Vaults:5 | Got a silver rune of Zot
 75812 | Vaults:5 | Received a gift from Okawaru
 76415 | Vaults:5 | Identified Melawy's Almanac of the Doomed Escort
 76494 | Vaults:5 | Reached XP level 25. HP: 228/228 MP: 33/33
 76656 | Vaults:5 | Bought a +3 amulet of reflection for 350 gold pieces
 76913 | Depths:3 | Found a large runed door.
 77294 | Depths:3 | Found a large runed door.
 77298 | Depths:3 | Found a large runed door.
 77299 | Depths:3 | Found a large runed door.
 77431 | Depths:4 | Received a gift from Okawaru
 77807 | Depths:4 | Found a one-way gate to the infinite horrors of the Abyss.
 77821 | Depths:4 | Reached skill level 24 in Maces & Flails
 77988 | Depths:4 | Received a gift from Okawaru
 78358 | Depths:4 | Received a gift from Okawaru
 78518 | Depths:4 | Reached skill level 15 in Evocations
 78546 | Depths:4 | Received a gift from Okawaru
 78571 | Depths:4 | HP: 4/231 [iron giant's throw (19)]
 78578 | Depths:4 | Killed from afar by a golden dragon

Skill      XL: |  1  2  3  4  5  6  7  8  9 10 11 12 13 14 15 16 17 18 19 20 21 22 23 24 25 |
---------------+----------------------------------------------------------------------------+-----
Maces & Flails | 3 4 5 6 7 8 9 10 11 12 13 14 15 16 17 18 19 20 21 22 23 24 | 24.3
Dodging        | 1 2 3 4 5 6 7 8 9 10 11 12 13 14 15 16 17 18 | 18.5
Fighting       | 4 5 6 7 8 9 10 11 12 13 14 15 16 17 18 19 | 19.7
Throwing       | 1 3 4 5 6 7 8 9 10 11 12 13 14 15 16 | 16.8
Armour         | 4 5 6 7 9 10 12 13 14 15 16 17 18 19 20 | 20.1
Shields        | 4 5 6 7 8 9 10 11 12 13 14 15 16 17 18 19 | 19.6
Invocations    | 2 3 5 6 7 8 |  8.2
Evocations     | 2 3 4 5 6 7 8 9 10 11 12 13 14 15 | 15.0

Action                   |  1- 3 |  4- 6 |  7- 9 | 10-12 | 13-15 | 16-18 | 19-21 | 22-24 | 25-27 || total
-------------------------+-------+-------+-------+-------+-------+-------+-------+-------+-------++-------
Melee: Flail             |    80 |   136 |   317 |   821 |  1127 |       |       |       |       ||  2481
       Headbutt          |    12 |    24 |    63 |   173 |   446 |   404 |   504 |   473 |   128 ||  2227
       Unarmed           |       |       |       |       |     9 |       |       |       |       ||     9
       Morningstar       |       |       |       |       |   561 |   411 |       |       |       ||   972
       Eveningstar       |       |       |       |       |       |  1146 |  1851 |  1476 |   345 ||  4818
 Fire: Blowgun           |       |       |       |     4 |       |       |       |       |       ||     4
Throw: Tomahawk          |       |       |    19 |    38 |    34 |   139 |       |    63 |       ||   293
       Throwing net      |       |       |     1 |     4 |     1 |       |       |       |       ||     6
       Javelin           |       |       |       |    34 |   243 |    78 |    96 |    60 |    23 ||   534
Invok: Heroism           |       |       |    10 |    29 |    54 |    37 |    31 |    27 |     6 ||   194
       Finesse           |       |       |       |     4 |    17 |    11 |     7 |    15 |     2 ||    56
 Abil: Evoke Invisibilit |       |       |       |       |       |     2 |       |       |       ||     2
Evoke: Wand              |       |       |       |       |     2 |       |       |     1 |       ||     3
  Use: Potion            |       |     1 |       |     2 |       |     3 |     3 |     7 |     4 ||    20
       Scroll            |       |       |     3 |     2 |    18 |    17 |     5 |    12 |     4 ||    61
  Eat: Chunk             |       |     6 |    14 |    25 |    70 |    63 |    48 |    23 |     4 ||   253
       Beef jerky        |       |       |     1 |       |       |       |       |       |       ||     1
       Bread ration      |       |       |       |     1 |       |       |       |       |       ||     1
       Pizza             |       |       |       |     1 |       |       |       |       |       ||     1
       Meat ration       |       |       |       |       |       |       |       |     4 |       ||     4
       Fruit             |       |       |       |       |       |       |       |       |     1 ||     1
Armor: Scale mail        |    28 |    43 |    30 |       |       |       |       |       |       ||   101
       Plate armour      |       |       |   106 |   344 |    28 |       |       |       |       ||   478
       Chain mail        |       |       |       |       |   492 |   752 |   399 |   365 |   115 ||  2123
Dodge: Dodged            |    20 |    42 |   117 |   277 |   646 |   783 |   734 |   639 |   250 ||  3508
Block: Shield            |    35 |    59 |   192 |   490 |   704 |   365 |  1340 |  1056 |   342 ||  4583
       Large shield      |       |       |       |       |   573 |  1453 |       |       |       ||  2026
       Reflection        |       |       |       |       |       |       |       |     3 |       ||     3
